 Dungeon Crawl Stone Soup version 0.32-a0-571-gec57dfcd37 (webtiles) character file.

Game seed: 10361705626734736803

73 BeKind the Slasher (level 4, -4/41 HPs)
             Began as a Minotaur Berserker on Feb 29, 2024.
             Was a Believer of Trog.
             Slain by Sigmund
             ... wielding a +0 scythe
              (6 damage)
             ... on level 2 of the Dungeon.
             The game lasted 00:01:31 (1308 turns).

BeKind the Slasher (Minotaur Berserker)             Turns: 1308, Time: 00:01:32

Health: -4/41      AC:  6    Str: 23    XL:     4   Next: 8%
Magic:  3/3        EV: 10    Int:  4    God:    Trog [**....]
Gold:   55         SH:  0    Dex: 10    Spells: 3/3 levels left

rFire   . . .        a - +0 falchion
rCold   . . .        (no shield)
rNeg    . . .        j - +0 scale mail
rPois   .            (helmet restricted)
rElec   .            (no cloak)
rCorr   .            (no gloves)
SInv    .            (no boots)
Will    +....        (no amulet) Stlth
                     (no ring)
HPRegen 0.26/turn    (no ring)
MPRegen 0.08/turn

%: no passive effects
@: brilliant, on berserk cooldown, enlightened, flying, slowed, very slow
A: horns 2, retaliatory headbutt
a: Renounce Religion, Berserk, Trog's Hand


You were on level 2 of the Dungeon.
You worshipped Trog.
Trog was pleased with you.
You visited 1 branch of the dungeon, and saw 2 of its levels.

You collected 55 gold pieces.

Inventory:

Hand Weapons
 a - a +0 falchion (weapon)
Armour
 b - a +0 animal skin
 j - a +0 scale mail (worn)
Scrolls
 c - a scroll of immolation {unknown}
 d - 2 scrolls of identify {unknown}
 g - a scroll of revelation {unknown}
 h - a scroll of noise {unknown}
 i - a scroll of enchant armour {unknown}
 k - a scroll of vulnerability {unknown}


   Skills:
 + Level 4.3 Fighting
 + Level 4.3 Long Blades
 + Level 3.3 Armour
 + Level 3.0 Dodging


You had 3 spell levels left.
You didn't know any spells.
Your spell library was empty.

Dungeon Overview and Level Annotations

Branches:
Dungeon (2/15)

Altars:

Annotations:
D:2 Sigmund


Innate Abilities, Weirdness & Mutations

You have a pair of horns on your head.
You reflexively headbutt those who attack you in melee.


Message History

You are too confused!
You barely miss Sigmund. Your headbutt misses Sigmund.
Sigmund hits you with a +0 scythe.
You barely miss Sigmund. Sigmund barely misses you.
You feel a strong urge to attack something.
You are no longer berserk.
You are exhausted.
You feel yourself slow down.
You closely miss Sigmund. Sigmund closely misses you.
You feel less confused. Sigmund barely misses you.
You hit Sigmund but do no damage. You headbutt Sigmund, but do no damage.
Sigmund hits you with a +0 scythe!
You barely miss Sigmund. You headbutt Sigmund.
Sigmund is lightly wounded.
Sigmund hits you with a +0 scythe.
Okay, then.
It was a potion of brilliance.
You feel clever all of a sudden. Sigmund hits you with a +0 scythe.
You barely miss Sigmund. You headbutt Sigmund, but do no damage.
Sigmund is lightly wounded.
Sigmund hits you with a +0 scythe!
* * * LOW HITPOINT WARNING * * *
It was a potion of enlightenment.
You feel very buoyant.
You fly up into the air.
Sigmund barely misses you. Sigmund hits you but does no damage.
Sigmund attacks as he pursues you!
Sigmund hits you from afar with a +0 scythe!
* * * LOW HITPOINT WARNING * * *
Sigmund gestures at you while chanting. The puff of flame hits you.
* * * LOW HITPOINT WARNING * * *
Sigmund screams, "I am the angel of ZOT!!!"
Sigmund attacks as he pursues you!
Sigmund hits you from afar with a +0 scythe.
You die...
Sigmund begins carving another notch in his scythe.

#.. ###########..
.......#..... ##############
.......#..... #.......>....
............. #...........#
............. #..:......#
...######......
#.........####..............
#........@.@....######...###
#.
#.........####.......#...#..
.# #......####
.............#.. ..#...##.#
..........####.. #.#...##.##
...........####.
###.#...#...#
#.......##....#.
#.......#...#
#.......#####.#.
#......##...#
#.......#####...
#......##...#
#.......##......


You could see Sigmund.

Vanquished Creatures
  Robin (D:2)
  An adder (D:2)
  A ribbon worm (D:2)
  A dart slug (D:2)
  7 endoplasms
  2 giant cockroaches
  12 goblins (D:2)
  A hobgoblin (D:2)
  2 kobolds
  4 quokkas (D:2)
  A ball python (D:2)
  3 bats
  5 frilled lizards
  3 rats
44 creatures vanquished.

Notes
Turn   | Place    | Note
-------+----------+-------------------------------------------
     0 | D:1      | BeKind the Minotaur Berserker began the quest for the Orb.
     0 | D:1      | Reached XP level 1. HP: 19/19 MP: 0/0
   434 | D:1      | Reached XP level 2. HP: 24/27 MP: 1/1
   780 | D:2      | Noticed Robin
   815 | D:2      | Killed Robin
   815 | D:2      | Reached ** piety under Trog
   816 | D:2      | Reached XP level 3. HP: 22/33 MP: 2/2
  1235 | D:2      | Reached XP level 4. HP: 41/41 MP: 3/3
  1285 | D:2      | Noticed Sigmund
  1307 | D:2      | HP: 2/41 [Sigmund/puff of flame (2)]
  1308 | D:2      | Slain by Sigmund

Illustrated notes

Levels and vault maps discovered:
D:1:      dpeg_arrival_circle_labyrinth_c, layout_basic,
          nicolae_figureground_sparkle
D:2:      layout_basic, uniq_robin, uniq_sigmund

Skill      XL: |  1  2  3 |
---------------+----------+-----
Long Blades    | 4 |  4.3
Fighting       | 4 |  4.3
Armour         | 3 |  3.3
Dodging        | 3 |  3.0

Action                     |  1- 3 |  4- 6 || total
---------------------------+-------+-------++-------
  Melee: Falchion          |    85 |    13 ||    98
         Headbutt          |    11 |     4 ||    15
 Invoke: Berserk           |     2 |     1 ||     3
    Use: Potion            |       |     2 ||     2
 Armour: Animal skin       |    21 |       ||    21
         Scale mail        |    29 |    13 ||    42
  Dodge: Dodged            |    56 |     7 ||    63

Table legend: (Time is in decaauts)
 A = Elapsed time spent in this place.
 B = Non-inter-level travel time spent in this place.
 C = Inter-level travel time spent in this place.
 D = Time resting spent in this place.
 E = Time spent auto-exploring this place.
 F = Levels seen in this place.
 G = Mean time per level.
                   A        B        C        D        E       F      G
               +--------+--------+--------+--------+--------+-----+--------+
         Total |   1330 |   1312 |     18 |     96 |    984 |   2 |  665.0 |
       Dungeon |   1330 |   1312 |     18 |     96 |    984 |   2 |  665.0 |
               +--------+--------+--------+--------+--------+-----+--------+

Top non-repeatable levels by time:
     D:1: 770 daAuts
     D:2: 559 daAuts
